 Dungeon Crawl Stone Soup version 0.30-a0-457-g4b7bca3bfa (webtiles) character file.

Game seed: 5226718506621852807

218830 freelancePsychic the Peltast (level 19, -8/172 HPs)
             Began as a Formicid Transmuter on Dec 12, 2022.
             Was a High Priest of Ashenzari.
             Killed from afar by Bai Suzhen (49 damage)
             ... with a torrent of water
             ... on level 3 of the Snake Pit on Dec 13, 2022.
             The game lasted 01:26:49 (42172 turns).

freelancePsychic the Peltast (Formicid Transmuter) Turns: 42172, Time: 01:26:49

Health: -8/172     AC: 23    Str: 24    XL:     19   Next: 87%
Magic:  31/31      EV: 14    Int: 12    God:    Ashenzari [*****.]
Gold:   1059       SH: 24    Dex: 20    Spells: 25/34 levels left

rFire   + . .      SeeInvis +    X - +7 glaive (venom)
rCold   + . .      Faith    .    V - +0 tower shield "Gaze Upon Infinity" {Self, Range} (curse)
rNeg    + + .      Spirit   .    b - +0 chain mail of the Chained Doubts {Fort, Elem} (curse)
rPois   +          Reflect  .    (helmet unavailable)
rElec   .          Harm     .    r - +2 cloak "Jealousy of Ashenzari" {rC+, Melee, Evo} (curse)
rCorr   .          Rampage  .    M - +3 pair of gauntlets of War {Slay+5, Melee, Cun} (curse)
Will    +....      Clarity  +    x - +2 pair of boots "Bound With Me" {Fort, Cun} (curse)
Stlth   ..........               i - amulet of the Chained Relativism {Regen+, Melee, Range} (curse)
HPRegen 1.28/turn                W - ring "Visionary Mutualism" {rF+ rN++ Str+2 Int-2 Dex+4, Cun, Alch} (curse)
MPRegen 0.22/turn                p - ring of Ashenzari's Idealism {rPois Dex+2, Range, Self} (curse)

@: very slow
A: permanent stasis, dig shafts and tunnels, antennae 3, four strong arms
}: 1/15 runes: barnacled
a: Dig, Shaft Self, Renounce Religion, Shatter the Chains


You were on level 3 of the Snake Pit.
You worshipped Ashenzari.
Ashenzari was extremely pleased with you.
You visited 5 branches of the dungeon, and saw 29 of its levels.
You also visited: Ice Cave.

You collected 2818 gold pieces.
You spent 1759 gold pieces at shops.

Inventory:

Hand Weapons
 X - a +7 glaive of venom (weapon)
Missiles
 j - 3 throwing nets
 m - 10 silver javelins
 n - 15 javelins
 q - a silver boomerang
 w - 34 boomerangs (quivered)
 B - a curare-tipped dart
 G - 9 boomerangs of dispersal
Armour
 b - the cursed +0 chain mail of the Chained Doubts (worn) {Fort, Elem}
   (You found it on level 2 of the Dungeon)

   It has a curse which improves the following skills: Fortitude: Armour and
   Shields.
   Elements:  Fire Magic, Ice Magic, Air Magic and Earth Magic.
 g - a +5 tower shield of protection
 r - the cursed +2 cloak "Jealousy of Ashenzari" (worn) {rC+, Melee, Evo}
   (You found it on level 5 of the Dungeon)

   rC:        It protects you from cold.
   It has a curse which improves the following skills: Melee Combat: Short
   Blades, Long Blades, Axes, Maces & Flails, Polearms, Staves and Unarmed
   Combat.
   Evocations: Evocations.
 x - the cursed +2 pair of boots "Bound With Me" (worn) {Fort, Cun}
   (You found it in an ice cave)

   It has a curse which improves the following skills: Fortitude: Armour and
   Shields.
   Cunning:   Dodging and Stealth.
 M - the cursed +3 pair of gauntlets of War (worn) {Slay+5, Melee, Cun}
   (You found it on level 1 of the Snake Pit)

   Slay:      It affects your accuracy & damage with ranged weapons and melee
   (+5).
   It has a curse which improves the following skills: Melee Combat: Short
   Blades, Long Blades, Axes, Maces & Flails, Polearms, Staves and Unarmed
   Combat.
   Cunning:   Dodging and Stealth.
 V - the cursed +0 tower shield "Gaze Upon Infinity" (worn) {Self, Range}
   (You took it off a vault guard on level 13 of the Dungeon)

   It has a curse which improves the following skills: Introspection: Fighting
   and Spellcasting.
   Ranged Combat: Ranged Weapons and Throwing.
Jewellery
 i - the cursed amulet of the Chained Relativism (around neck) {Regen+, Melee, Range}
   (You found it on level 2 of the Shoals)

   [amulet of regeneration]

   Regen:     It increases your rate of health regeneration.
   It has a curse which improves the following skills: Melee Combat: Short
   Blades, Long Blades, Axes, Maces & Flails, Polearms, Staves and Unarmed
   Combat.
   Ranged Combat: Ranged Weapons and Throwing.
 p - the cursed ring of Ashenzari's Idealism (right hand) {rPois Dex+2, Range, Self}
   (You took it off a centaur warrior on level 15 of the Dungeon)

   [ring of poison resistance]

   Dex:       It affects your dexterity (+2).
   rPois:     It protects you from poison.
   It has a curse which improves the following skills: Ranged Combat: Ranged
   Weapons and Throwing.
   Introspection: Fighting and Spellcasting.
 s - a ring of magical power
 E - a ring of fire
 K - a ring of fire
 L - a +6 ring of dexterity
 O - a ring of ice
 R - an amulet of magic regeneration
 S - a ring of willpower
 W - the cursed ring "Visionary Mutualism" (left hand) {rF+ rN++ Str+2 Int-2 Dex+4, Cun, Alch}
   (You bought it in a shop on level 2 of the Orcish Mines)

   [ring of protection from fire]

   Str:       It affects your strength (+2).
   Int:       It affects your intelligence (-2).
   Dex:       It affects your dexterity (+4).
   rF:        It protects you from fire.
   rN:        It greatly protects you from negative energy.
   It has a curse which improves the following skills: Cunning: Dodging and
   Stealth.
   Alchemy:   Poison Magic and Transmutations.
Wands
 f - a wand of charming (11)
 y - a wand of polymorph (12)
 A - a wand of flame (48)
 Q - a wand of digging (24)
 T - a wand of iceblast (3)
Scrolls
 a - 6 scrolls of immolation
 c - 4 scrolls of magic mapping
 e - 3 scrolls of butterflies
 o - 2 scrolls of poison
 t - 5 scrolls of amnesia
 u - 2 scrolls of fog
 C - 7 scrolls of vulnerability
 U - a scroll of fear
Potions
 d - 3 potions of heal wounds {@q2}
 h - a potion of resistance
 k - 3 potions of lignification
 l - 7 potions of flight
 z - a potion of ambrosia
 D - 5 potions of magic
 F - 3 potions of mutation
 J - 3 potions of brilliance
 P - 4 potions of might
 Y - 4 potions of curing {@q1}
Miscellaneous
 v - a condenser vane (inert)
 H - a tin of tremorstones (inert)
 I - a phial of floods
 N - a phantom mirror (inert)


   Skills:
 - Level 17.8(21.1) Fighting
 - Level 16.1(20.5) Polearms
 - Level 4.7(8.9) Throwing
 - Level 8.3(11.8) Armour
 - Level 6.3(10.8) Dodging
 - Level 18.8(22.0) Shields
 - Level 3.0(6.6) Unarmed Combat
 + Level 5.0(8.3) Spellcasting
 - Level 12.2(14.4) Transmutations
 - Level 3.2(5.2) Earth Magic
 + Level 12.5(14.8) Poison Magic
 - Level 11.2(13.5) Evocations


You had 25 spell levels left.
You knew the following spells:

 Your Spells              Type           Power      Damage    Failure   Level
a - Beastly Appendage     Tmut           78%        N/A       1%          1
b - Wereblood             Tmut           39%        N/A       1%          2
c - Eringya's Noxious Bo  Tmut/Pois      20%        N/A       36%         6

Your spell library contained the following spells:

 Spells                   Type           Power      Damage    Failure   Level
 Spider Form              Tmut/Pois      40%        N/A       1%          3
 Passwall                 Tmut/Erth      23%        N/A       2%          2
 Olgreb's Toxic Radiance  Pois           40%        N/A       2%          4
 Alistair's Intoxication  Tmut/Pois      26%        N/A       7%          5
 Petrify                  Tmut/Erth      28%        N/A       19%         4
 Ice Form                 Ice/Tmut       22%        N/A       45%         4
 Foxfire                  Conj/Fire      20%        2x1d5     69%         1
 Shock                    Conj/Air       20%        1d4       69%         1
 Ensorcelled Hibernation  Hex/Ice        10%        N/A       83%         2
 Momentum Strike          Conj/Tloc      10%        3d8       83%         2
 Statue Form              Tmut/Erth      18%        N/A       95%         6
 Dazzling Flash           Conj/Hex       10%        N/A       97%         3
 Gell's Gravitas          Tloc           5%         N/A       97%         3
 Lesser Beckoning         Tloc           10%        N/A       97%         3
 Teleport Other           Tloc           5%         N/A       97%         3
 Airstrike                Air            2%         2d(1-17)  100%        4
 Anguish                  Hex/Necr       2%         N/A       100%        4
 Animate Dead             Necr           5%         N/A       100%        4
 Agony                    Necr           5%         N/A       100%        5
 Borgnjor's Vile Clutch   Necr/Erth      5%         N/A       100%        5
 Freezing Cloud           Conj/Ice/Air   2%         6-21      100%        5
 Iskenderun's Battlesphe  Conj           5%         2d6       100%        5
 Metabolic Englaciation   Hex/Ice        2%         N/A       100%        5
 Silence                  Hex/Air        2%         N/A       100%        5
 Death Channel            Necr           2%         N/A       100%        6
 Iron Shot                Conj/Erth      5%         9d2       100%        6
 Orb of Destruction       Conj           2%         9d5       100%        7
 Ozocubu's Refrigeration  Ice            2%         4d8       100%        7
 Spellforged Servitor     Conj/Summ      2%         N/A       100%        7
 Ignition                 Fire           2%         3d3       100%        8
 Blink                    Tloc           Unusable   N/A       N/A         2
 Swiftness                Air            Unusable   N/A       N/A         3

Dungeon Overview and Level Annotations

Branches:
Dungeon (15/15)            Temple (0/1) D:7            Lair (5/5) D:10
 Shoals (4/4) Lair:2        Snake (3/4) Lair:3        Slime (0/5) Lair:5
    Orc (2/2) D:10            Elf (0/3) Orc:2        Vaults (0/5) D:13
 Depths (0/4) D:15          IceCv (visited)

Altars:
Ashenzari
Cheibriados
Dithmenos
Elyvilon
Hepliaklqana
Makhleb
Nemelex Xobeh
Okawaru
Ru
Trog
Uskayaw
Vehumet
Xom
Yredelemnul
The Shining One
Jiyva

Shops:
Orc:2 ?=[[   Shoals:4 *

Portals:
Trove: D:11 (give 3 potions of resistance)

Annotations:
D:4 3 runed translucent doors, GiantSquids's ghost, amateur DECj
D:12 exclusion: ice statue
Lair:3 exclusion: oklob plant
Lair:5 1 runed translucent door
Snake:3 Bai Suzhen


Innate Abilities, Weirdness & Mutations

You cannot be hasted, slowed, berserked, paralysed or teleported.
You can dig through walls and to a lower floor.
You have a pair of large antennae on your head. (SInv)
Your four strong arms can wield two-handed weapons with a shield.


Message History

Aiming: Phantom Mirror
Press: ? - help, Dir - move target, f/p - Bai Suzhen
Aim: Bai Suzhen (severely wounded, surrounded by thunder)
You reflect Bai Suzhen with the mirror!
The mirror clouds!
You are standing in a thunderstorm.
You are struck by lightning!
The naga spits poison at you.
The splash of poison hits Bai Suzhen.
You block Bai Suzhen's attack. x2
Bai Suzhen misses you.
The eight-headed hydra bites you but does no damage.
The eight-headed hydra bites you.
* * * LOW HITPOINT WARNING * * *
The eight-headed hydra bites you but does no damage.
You block the eight-headed hydra's attack.
The eight-headed hydra bites you.
* * * LOW HITPOINT WARNING * * *
The eight-headed hydra barely misses you.
The eight-headed hydra bites you!
* * * LOW HITPOINT WARNING * * *
The eight-headed hydra bites you but does no damage.
Bai Suzhen breathes water at the naga.
The torrent of water misses the naga.
The wave splashes down.
A black mamba comes into view.
You hear a shout!
Your unstable footing causes you to fumble your attack.
A black mamba comes into view.
The naga hits Bai Suzhen with a +0 halberd!!
You block the eight-headed hydra's attack. x2
The eight-headed hydra barely misses you.
The eight-headed hydra completely misses you.
The eight-headed hydra bites you but does no damage. x2
The eight-headed hydra closely misses you.
The eight-headed hydra bites you but does no damage.
Bai Suzhen breathes water at the naga.
The torrent of water hits the naga!!
The naga dies!
You hear a splash.
The wave splashes down.
Bai Suzhen breathes water at you. The torrent of water hits you!!!
You die...

,, , * ,, , * , .,, ,* *,
,,.. ,* ,...,, * .... ^* ,*
...N. * ,,
......##################### ,
**...S..)§DD@D.†.............
, ,
.....#S#################### ,
, **..., #∆ ,,, ,,* , ,* , ,,
. ,##,, { , , ,, ,** *, , ,
*** , * ,* { * *** ,, * , **,
, { * , ,,* *,, ,,, , , , ,*
* ∆ {,{,,


You could see Bai Suzhen (clouds, catching breath), an eight-headed hydra
(summoned), 2 black mambas and the friendly Bai Suzhen (summoned, clouds,
catching breath, drained).

Vanquished Creatures
  A titan (Shoals:1)
  2 krakens
  A nagaraja (Snake:3)
  A caustic shrike skeleton (D:15)
  2 stone giants (Shoals:1)
  10 merfolk javelineers
  12 merfolk impalers
  A rakshasa (D:13)
  7 hydras
  A catoblepas (Lair:2)
  2 ironbound frosthearts (IceCv)
  A merfolk avatar (Shoals:2)
  4 vault guards (D:13)
  6 merfolk aquamancers
  7 ogre magi
  4 anacondas
  4 boulder beetles
  32 two-headed ogres
  7 centaur warriors
  4 tengu warriors
  3 death yaks (IceCv)
  4 satyrs
  7 naga warriors
  A vampire mage (D:15)
  Urug (D:12)
  2 naga sharpshooters
  5 shock serpents
  A fire crab (Lair:3)
  2 skeletal warriors (D:15)
  A salamander mystic (Snake:3)
  4 naga ritualists
  13 sea snakes
  5 harpies (Shoals:2)
  A sphinx zombie (D:15)
  2 deep elf pyromancers
  A necromancer (D:15)
  7 mana vipers
  An orc knight (Orc:2)
  11 fauns
  23 ugly things
  21 manticores
  10 cyclopes
  A frost giant zombie (D:15)
  7 salamanders
  An orc sorcerer (Orc:2)
  9 merfolk sirens
  An ice statue (IceCv)
  36 black mambas
  14 naga magi
  6 water nymphs
  10 elephants
  A stone giant skeleton (D:15)
  4 gargoyles
  2 guardian serpents
  14 cane toads
  Maggie (D:6)
  A komodo dragon (shapeshifter) (D:13)
  2 unseen horrors (D:13)
  4 rime drakes
  A kobold demonologist (D:10)
  A tengu conjurer (D:14)
  An efreet (D:14)
  A guardian mummy (D:11)
  8 komodo dragons
  4 ice devils (D:12)
  25 merfolk
  4 hornets
  18 polar bears
  Grinder (D:6)
  3 trolls
  6 wind drakes
  27 blink frogs
  14 slime creatures
  22 dream sheep
  10 snapping turtles
  A shadow (D:10)
  2 vampires (D:12)
  3 wraiths
  11 spriggans (Lair:5)
  88 yaks
  9 water elementals
  2 basilisks
  A wyvern (Lair:1)
  8 vampire mosquitoes
  A warg (Orc:2)
  A steam dragon (Lair:1)
  5 acid dragons
  23 nagas
  20 water moccasins
  3 ice beasts
  13 orc warriors
  3 black bears
  35 ogres
  4 boggarts (Lair:5)
  51 wolves
  12 centaurs
  A phantom (D:5)
  10 bullfrogs
  6 kobold brigands
  4 scorpions
  A necrophage (D:5)
  3 gnoll sergeants
  3 killer bees (D:10)
  17 wights
  11 howler monkeys
  2 hounds
  8 orc priests
  Terence (D:2)
  An iguana (D:5)
  13 orc wizards
  Natasha (twice) (D:2)
  5 hell rats (Lair:5)
  10 gnolls
  7 adders
  A white imp (D:7)
  9 ufetubi
  2 worms (D:3)
  4 dart slugs
  36 orcs
  9 ball pythons
  A bat (D:2)
  4 endoplasms
  4 giant cockroaches
  7 goblins
  5 hobgoblins
  4 jackals (D:2)
  4 quokkas
  3 frilled lizards
  22 kobolds
  27 rats
  2 tentacles (Shoals:3)
1040 creatures vanquished.

Vanquished Creatures (collateral kills)
  3 hydras
  An ugly thing (D:14)
  3 polar bears (IceCv)
  4 yaks (Lair:5)
  A basilisk (Lair:5)
  A naga (Snake:3)
  An orc warrior (D:10)
  5 wolves (IceCv)
  A bullfrog (D:9)
  A gnoll (D:10)
  An orc (D:6)
  2 tentacles (Shoals:4)
24 creatures vanquished.

Vanquished Creatures (others)
  An ugly thing (D:13)
  Psyche (D:9)
  A spriggan (Lair:5)
  A yak (D:9)
  Menkaure (D:6)
  An ogre (D:10)
  A centaur (D:15)
  A gnoll sergeant (D:10)
  2 bushes
  43 fungi
  58 plants
  11 tentacles
  2 withered plants (D:15)
124 creatures vanquished.

Grand Total: 1188 creatures vanquished

Notes
Turn   | Place    | Note
-------+----------+-------------------------------------------
     0 | D:1      | freelancePsychic the Formicid Transmuter began the quest
                  | for the Orb.
     0 | D:1      | Reached XP level 1. HP: 15/15 MP: 3/3
   112 | D:1      | Reached XP level 2. HP: 18/21 MP: 5/5
   165 | D:1      | Learned a level 2 spell: Wereblood
   330 | D:1      | Found a faded altar of an unknown god.
   343 | D:1      | Reached skill level 1 in Polearms
   343 | D:1      | Reached XP level 3. HP: 27/27 MP: 6/6
   344 | D:1      | Prayed at the altar of an unknown god.
   344 | D:1      | Became a worshipper of Ashenzari the Shackled
   815 | D:2      | Noticed Terence
   967 | D:2      | Killed Terence
   968 | D:2      | Reached XP level 4. HP: 28/34 MP: 7/7
   970 | D:2      | Identified the cursed +0 robe of Ashenzari's Mistrust
                  | {Comp, Bglg}
  1252 | D:2      | Noticed Natasha
  1260 | D:2      | Killed Natasha
  1261 | D:2      | Reached XP level 5. HP: 18/41 MP: 5/8
  1361 | D:2      | Reached * piety under Ashenzari
  1616 | D:2      | Noticed Natasha
  1631 | D:2      | Killed Natasha
  1830 | D:3      | Noticed a centaur
  1848 | D:3      | Killed a centaur
  1849 | D:3      | Reached XP level 6. HP: 23/48 MP: 9/9
  2636 | D:3      | Reached skill level 5 in Polearms
  2636 | D:3      | Reached XP level 7. HP: 22/48 MP: 10/10
  3365 | D:4      | Reached ** piety under Ashenzari
  3372 | D:4      | Found a runed translucent gate.
  3372 | D:4      | Noticed GiantSquids's ghost (amateur DECj)
  3373 | D:4      | Found a runed translucent gate.
  3374 | D:4      | Found a runed translucent gate.
  3722 | D:5      | Entered Level 5 of the Dungeon
  3797 | D:5      | Reached skill level 5 in Fighting
  3855 | D:5      | Identified the +2 cloak of Beogh's Reproof {rC+}
  3951 | D:5      | Reached skill level 1 in Throwing
  3951 | D:5      | Reached XP level 8. HP: 55/62 MP: 11/11
  3951 | D:5      | Reached *** piety under Ashenzari
  4208 | D:5      | Found a radiant altar of Vehumet.
  4437 | D:5      | Found a snail-covered altar of Cheibriados.
  4649 | D:6      | Noticed Menkaure
  4819 | D:6      | Noticed Maggie
  4828 | D:6      | Your ally Menkaure died
  4847 | D:6      | Killed Maggie
  4848 | D:6      | Reached skill level 1 in Evocations
  4848 | D:6      | Reached XP level 9. HP: 20/70 MP: 12/12
  5120 | D:6      | Noticed Grinder
  5129 | D:6      | Killed Grinder
  6026 | D:7      | Found the +7 Throatcutter {drain, coup de grace}
  6044 | D:7      | Found a shadowy altar of Dithmenos.
  6314 | D:7      | Found a hazy altar of Hepliaklqana.
  6393 | D:7      | Found a staircase to the Ecumenical Temple.
  6483 | D:8      | Reached XP level 10. HP: 79/79 MP: 13/13
  7044 | D:8      | Reached skill level 10 in Polearms
  7108 | D:8      | Reached skill level 5 in Evocations
  7265 | D:8      | Found a sacrificial altar of Ru.
  7271 | D:8      | Found a basalt altar of Yredelemnul.
  7272 | D:8      | Found a bloodstained altar of Trog.
  7273 | D:8      | Found a hide-covered altar of Uskayaw.
  8367 | D:9      | Reached skill level 1 in Armour
  8451 | D:9      | Found a white marble altar of Elyvilon.
  8692 | D:9      | Noticed Psyche
  8707 | D:9      | Your ally Psyche died
  9078 | D:10     | Entered Level 10 of the Dungeon
  9139 | D:10     | Found a staircase to the Orcish Mines.
  9144 | D:10     | Reached XP level 11. HP: 60/89 MP: 14/14
  9783 | D:10     | Noticed a cyclops
  9806 | D:10     | Killed a cyclops
  9880 | D:10     | Found a staircase to the Lair.
 10041 | D:10     | Noticed a two-headed ogre
 10049 | D:10     | Killed a two-headed ogre
 10127 | D:10     | Reached skill level 10 in Fighting
 10258 | D:10     | Reached skill level 5 in Armour
 10527 | D:10     | Found a sparkling altar of Nemelex Xobeh.
 10529 | D:10     | Found a burning altar of Makhleb.
 10531 | D:10     | Found an iron altar of Okawaru.
 10538 | D:10     | Found a broken altar of Ashenzari.
 11282 | D:11     | Noticed a two-headed ogre
 11318 | D:10     | Noticed a cyclops
 11329 | D:10     | Killed a cyclops
 11468 | D:11     | Found a frozen archway.
 11497 | IceCv    | Entered an ice cave
 11630 | IceCv    | Reached XP level 12. HP: 48/98 MP: 15/15
 12680 | IceCv    | Reached **** piety under Ashenzari
 12704 | IceCv    | Noticed an ironbound frostheart
 12704 | IceCv    | Noticed a death yak
 12704 | IceCv    | Noticed a death yak
 12742 | IceCv    | Killed a death yak
 12818 | IceCv    | Killed an ironbound frostheart
 13084 | IceCv    | Noticed a death yak
 13103 | IceCv    | Killed a death yak
 13712 | IceCv    | Noticed an ironbound frostheart
 13745 | IceCv    | Killed an ironbound frostheart
 13746 | IceCv    | Reached XP level 13. HP: 81/109 MP: 16/16
 14521 | D:11     | Reached ***** piety under Ashenzari
 14998 | D:11     | Found a portal to a secret trove of treasure.
 15012 | D:11     | Reached skill level 5 in Transmutations
 15862 | Lair:1   | Entered Level 1 of the Lair of Beasts
 16962 | Lair:2   | Noticed a four-headed hydra
 16968 | Lair:2   | Killed a four-headed hydra
 17008 | Lair:2   | Found a staircase to the Shoals.
 17105 | Lair:2   | Found a shimmering altar of Xom.
 17111 | Lair:2   | Noticed a five-headed hydra
 17115 | Lair:2   | Killed a five-headed hydra
 17513 | Lair:2   | Noticed a catoblepas
 17532 | Lair:2   | Killed a catoblepas
 17714 | Lair:2   | Noticed a four-headed hydra
 17719 | Lair:2   | Killed a four-headed hydra
 17976 | Lair:2   | Reached XP level 14. HP: 80/126 MP: 19/19
 18747 | Lair:3   | Identified the +0 robe "Qesus" {Regen+ Slay+2}
 19045 | Lair:3   | Reached skill level 15 in Fighting
 19205 | Lair:3   | Found a staircase to the Snake Pit.
 19529 | Lair:3   | Reached skill level 5 in Dodging
 22516 | Lair:5   | Entered Level 5 of the Lair of Beasts
 22748 | Lair:5   | Reached skill level 1 in Shields
 22771 | Lair:5   | Reached skill level 10 in Evocations
 22836 | Lair:5   | Reached XP level 15. HP: 117/136 MP: 20/20
 22841 | Lair:5   | Reached skill level 2 in Shields
 22980 | Lair:5   | Found a runed translucent door.
 22980 | Lair:5   | Found a viscous altar of Jiyva.
 23012 | Lair:5   | Reached skill level 3 in Shields
 23262 | Lair:5   | Reached skill level 4 in Shields
 23486 | Lair:5   | Reached skill level 5 in Shields
 23913 | Lair:5   | Reached skill level 6 in Shields
 24295 | Lair:5   | Reached skill level 7 in Shields
 24711 | Lair:5   | Found a staircase to the Slime Pits.
 25273 | D:12     | Noticed Urug
 25292 | D:12     | Killed Urug
 26531 | D:13     | Reached skill level 8 in Shields
 26624 | D:13     | Found a glowing golden altar of the Shining One.
 27016 | D:13     | Reached XP level 16. HP: 87/146 MP: 21/21
 27176 | D:13     | Reached skill level 1 in Poison Magic
 27479 | D:13     | Found a gate to the Vaults.
 28257 | D:14     | Reached skill level 9 in Shields
 28301 | D:15     | Entered Level 15 of the Dungeon
 28859 | D:15     | Reached skill level 10 in Shields
 29133 | D:15     | Reached skill level 11 in Shields
 29247 | D:15     | Reached skill level 12 in Shields
 29480 | D:15     | Reached skill level 13 in Shields
 29618 | D:15     | Identified the ring "Udimem" {rPois Dex+2}
 30060 | D:15     | Found a staircase to the Depths.
 30079 | D:15     | Reached skill level 14 in Shields
 30367 | D:15     | Reached XP level 17. HP: 88/155 MP: 22/22
 31239 | D:13     | Reached skill level 15 in Shields
 32419 | D:13     | Reached skill level 16 in Shields
 32571 | Orc:1    | Entered Level 1 of the Orcish Mines
 32680 | Orc:2    | Entered Level 2 of the Orcish Mines
 32999 | Orc:2    | Reached skill level 17 in Shields
 33275 | Orc:2    | Reached skill level 5 in Poison Magic
 33376 | Orc:2    | Found a staircase to the Elven Halls.
 33412 | Orc:2    | Found Zath's Armour Shop.
 33412 | Orc:2    | Found Teheing's Magic Scroll Emporium.
 33413 | Orc:2    | Found Doamn's Armour Shoppe.
 33413 | Orc:2    | Found Cyguc's Jewellery Shop.
 33422 | Orc:2    | Bought the ring of False Pretenses {rF+ rN++ Str+2 Int-2
                  | Dex+4} for 865 gold pieces
 33423 | Orc:2    | Bought a scroll of acquirement for 624 gold pieces
 33423 | Orc:2    | Bought a scroll of enchant armour for 90 gold pieces
 33423 | Orc:2    | Bought a scroll of enchant armour for 90 gold pieces
 33423 | Orc:2    | Bought a scroll of magic mapping for 90 gold pieces
 33423 | Orc:2    | Acquired a +3 glaive of venom
 33949 | Shoals:1 | Entered Level 1 of the Shoals
 34190 | Shoals:1 | Reached skill level 15 in Polearms
 34437 | Shoals:1 | Reached skill level 18 in Shields
 34726 | Shoals:1 | Reached XP level 18. HP: 119/168 MP: 26/26
 35603 | Shoals:1 | Noticed a titan
 35604 | Shoals:1 | Identified the +1 cloak of Roef {Contam rF+++ Str-4 Int+6}
 35640 | Shoals:1 | Killed a titan
 35983 | Shoals:1 | Learned a level 6 spell: Eringya's Noxious Bog
 37251 | Shoals:3 | Noticed a kraken
 37268 | Shoals:3 | Killed a kraken
 37501 | Shoals:3 | Reached skill level 10 in Transmutations
 37642 | Shoals:4 | Entered Level 4 of the Shoals
 37787 | Shoals:4 | Got a barnacled rune of Zot
 37833 | Shoals:4 | Found Wowatapa's Overcharged Wands.
 38007 | Shoals:4 | Noticed a kraken
 38019 | Shoals:4 | Killed a kraken
 38020 | Shoals:4 | Reached XP level 19. HP: 160/172 MP: 26/26
 38200 | Shoals:4 | Reached skill level 10 in Poison Magic
 38483 | Shoals:4 | Identified the +7 glaive of Doors {protect, *Noise Fly rC+}
 38586 | Shoals:4 | Identified the Dissertation on the Boreal Barrage
 38820 | Snake:1  | Entered Level 1 of the Snake Pit
 38842 | Lair:3   | Reached skill level 1 in Earth Magic
 39231 | Snake:1  | Found the +3 pair of gauntlets of War {Slay+5}
 42145 | Snake:3  | Noticed Bai Suzhen
 42170 | Snake:3  | Reached skill level 5 in Spellcasting
 42172 | Snake:3  | Killed from afar by Bai Suzhen

Illustrated notes

Levels and vault maps discovered:
D:1:      eino_arrival_cavern_d, layout_loops_cross,
          ebering_ecumenical_altar_box, chequers_serial_rivers_small_b
D:2:      layout_rooms, uniq_natasha, uniq_terence
D:3:      cheibrodos_thug_alley, layout_rooms, serial_aquarium,
          aquarium_bridge_square [aquarium_subvault_bridge,
          aquarium_subvault_wall, aquarium_subvault_window,
          aquarium_subvault_bridge], aquarium_window_1, aquarium_window_1,
          aquarium_view_2a, aquarium_view_2c, aquarium_balcony_1b,
          minmay_rat_hole
D:4:      layout_basic, gammafunk_ghost_nasty_kobolds
D:5:      layout_loops_cross, overflow_temple_1_default,
          nicolae_overflow_hidden_temple
D:6:      layout_loops_ring, uniq_maggie, uniq_menkaure, uniq_grinder
D:7:      layout_basic, mainiacjoe_overflow_brackets,
          worldfamousw_hep_ancestral_shrine, minmay_temple_entry_fiery,
          serial_glass, glass_columns_a, glass_columns_b, glass_columns_b,
          glass_columns_a, glass_columns_b, glass_columns_a
D:8:      layout_layer_cave, mainiacjoe_overflow_alcove_3
D:9:      layout_irregular_city, nicolae_elyvilon_peaceful_grove, uniq_psyche
D:10:     minmay_ornate_pinched, layout_grid_maze,
          nicolae_overflow_quartered_altars,
          kennysheep_orc_monster_closet_entryway
D:11:     layout_layer_cave, portal_ice_cave_rime,
          nicolae_trove_entry_path_of_doom, chequers_serial_rivers_large_a,
          minivault_5
D:12:     cheibrodos_frozen_isle, layout_loops_ring, uniq_urug
D:13:     kennysheep_windowed_halls, layout_irregular_city,
          lightli_vaults_fourway_checkpoint, nicolae_tso_carved_into_rock
D:14:     layout_long_grid
D:15:     gammafunk_depths_entry_grave, layout_long_grid,
          minmay_misc_feat_more_columns, statue_in_the_mist_lemuel
Lair:1:   layout_hall_layers, grunt_megastairs_3
Lair:2:   layout_regular_city, shoals_dummy_entry, basic_altar, nzn_random_ring
Lair:3:   layout_long_grid, dummy_snake_entry
Lair:4:   layout_layer_cave, pond
Lair:5:   minmay_lair_end_enchanted_forest, layout_misc_corridors, slime_entry_2
Shoals:1: cheibrodos_shoals_gigantism, layout_shoals,
          nicolae_shoals_pincushion_passage
Shoals:2: layout_shoals
Shoals:3: layout_shoals
Shoals:4: shoals_end_simple, layout_shoals, nicolae_shop_overcharged_wands
Snake:1:  layout_layer_cave
Snake:2:  layout_chambers
Snake:3:  layout_basic, grunt_megastairs_5, uniq_bai_suzhen
Orc:1:    layout_caves
Orc:2:    st_orc_ogre_mass, layout_caves

Skill      XL: |  1  2  3  4  5  6  7  8  9 10 11 12 13 14 15 16 17 18 19 |
---------------+----------------------------------------------------------+-----
Fighting       | 2 3 4 5 6 7 9 10 12 14 15 17 | 17.8
Polearms       | 1 2 4 5 6 7 9 11 12 13 14 15 16 | 16.1
Throwing       | 1 3 4 |  4.7
Evocations     | 1 4 5 8 10 11 | 11.2
Armour         | 2 6 7 8 |  8.3
Transmutations | 3 7 8 10 12 | 12.2
Dodging        | 3 6 |  6.3
Shields        | 1 8 14 18 | 18.8
Poison Magic   | 3 5 9 12 | 12.5
Earth Magic    | 3 |  3.2
Spellcasting   | 5 |  5.0
Unarmed Combat | |  3.0

Action                   |  1- 3 |  4- 6 |  7- 9 | 10-12 | 13-15 | 16-18 | 19-21 || total
-------------------------+-------+-------+-------+-------+-------+-------+-------++-------
Melee: Unarmed           |    18 |       |       |       |       |       |       ||    18
       Kick              |     1 |     1 |       |       |       |       |       ||     2
       Halberd           |    81 |   217 |   260 |   653 |  1541 |   945 |       ||  3697
       Punch             |     2 |     4 |     9 |    20 |    47 |       |       ||    82
       Glaive            |       |       |       |       |       |   568 |   453 ||  1021
Throw: Dart              |       |       |    36 |    29 |    47 |    39 |       ||   151
       Boomerang         |       |       |    12 |     5 |     9 |    11 |     4 ||    41
       Javelin           |       |       |       |    11 |       |       |       ||    11
 Cast: Beastly Appendage |     3 |     1 |       |       |       |       |       ||     4
       Wereblood         |     1 |     2 |       |       |    46 |    21 |       ||    70
Invok: Curse Item        |     1 |     2 |     3 |     1 |     2 |     4 |     2 ||    15
       Shatter the Chain |       |     1 |       |       |       |     5 |     1 ||     7
 Abil: Dig               |       |       |       |     2 |     7 |     8 |     1 ||    18
Evoke: Wand              |       |       |     3 |    19 |    22 |    12 |     3 ||    59
       Tin of tremorston |       |       |       |       |     6 |     7 |     3 ||    16
       Phantom mirror    |       |       |       |       |     3 |     5 |     2 ||    10
       Phial of floods   |       |       |       |       |       |     2 |       ||     2
       Condenser vane    |       |       |       |       |       |     2 |     1 ||     3
  Use: Potion            |     1 |     6 |       |     3 |     1 |    17 |       ||    28
       Scroll            |     1 |       |       |     2 |     1 |    10 |     6 ||    20
 Stab: Sleeping          |       |     1 |       |       |       |       |       ||     1
       Invisible         |       |       |       |    15 |     2 |       |       ||    17
       Petrifying        |       |       |       |       |     1 |       |       ||     1
       Petrified         |       |       |       |       |     1 |       |       ||     1
       Distracted        |       |       |       |       |       |     1 |       ||     1
Armor: Robe              |    10 |     2 |       |       |       |       |       ||    12
       Skin              |    34 |    10 |       |       |       |       |       ||    44
       Chain mail        |       |   170 |   129 |   252 |   566 |   281 |    98 ||  1496
Dodge: Dodged            |    48 |   144 |    70 |   206 |   543 |   314 |   112 ||  1437
Block: Buckler           |       |       |       |       |   168 |   224 |       ||   392
       Tower shield      |       |       |       |       |       |   627 |   419 ||  1046

Table legend: (Time is in decaauts)
 A = Elapsed time spent in this place.
 B = Non-inter-level travel time spent in this place.
 C = Inter-level travel time spent in this place.
 D = Time resting spent in this place.
 E = Time spent auto-exploring this place.
 F = Levels seen in this place.
 G = Mean time per level.
                   A        B        C        D        E       F      G
               +--------+--------+--------+--------+--------+-----+--------+
         Total |  41325 |  39371 |   1954 |   2746 |  29060 |  30 | 1377.5 |
       Dungeon |  20787 |  19726 |   1061 |   1725 |  14407 |  15 | 1385.8 |
          Lair |   8836 |   8369 |    467 |    199 |   6656 |   5 | 1767.2 |
        Shoals |   4780 |   4545 |    235 |    218 |   3254 |   4 | 1195.0 |
     Snake Pit |   3216 |   3103 |    113 |    313 |   2238 |   3 | 1072.0 |
  Orcish Mines |   1193 |   1116 |     77 |      0 |    812 |   2 |  596.5 |
      Ice Cave |   2510 |   2510 |      0 |    290 |   1693 |   1 | 2510.0 |
               +--------+--------+--------+--------+--------+-----+--------+

Top non-repeatable levels by time:
   IceCv: 2510 daAuts
  Lair:4: 2337 daAuts
    D:13: 2243 daAuts
    D:15: 2187 daAuts
Shoals:1: 2084 daAuts
    D:11: 1940 daAuts
  Lair:5: 1935 daAuts
    D:10: 1920 daAuts
  Lair:2: 1807 daAuts
     D:8: 1690 daAuts
    D:12: 1683 daAuts
  Lair:3: 1653 daAuts
 Snake:2: 1491 daAuts
 Snake:1: 1378 daAuts
     D:9: 1343 daAuts
